 Dungeon Sprint DCSS version 0.27-a0-46-g34d46f0a3f (webtiles) character file.

Game seed: 18315468793771258480

780 mhtbhm the Basher (level 7, -3/81 HPs)
             Began as a Gargoyle Berserker on Jan 7, 2021.
             Was a Priest of Trog.
             Slain by a boulder beetle (28 damage)
             ... in the Dungeon (Sprint II: "The Violet Keep of Menkaure").
             The game lasted 00:00:45 (385 turns).

mhtbhm the Basher (Gargoyle Berserker)               Turns: 385, Time: 00:00:45

Health: -3/81      AC:  7    Str: 22    XL:     7   Next: 85%
Magic:  7/7        EV: 13    Int:  8    God:    Trog [***...]
Gold:   729        SH:  0    Dex:  9    Spells: 6/6 levels left

rFire    . . .     SeeInvis .   a - +0 mace
rCold    . . .     Faith    .   (no shield)
rNeg     + . .     Spirit   .   b - +0 animal skin
rPois    ∞         Reflect  .   (no helmet)
rElec    +         Harm     .   (no cloak)
rCorr    .         Rampage  .   (no gloves)
Will     .....     NoTele   +   (no boots)
Stlth    ..........             (no amulet)
HPRegen  0.23/turn              (no ring)
MPRegen  0.10/turn              (no ring)

@: berserking, very quick
A: negative energy resistance 1, electricity resistance, unbreathing,
petrification resistance, miasma immunity, AC +4
a: Renounce Religion, Berserk, Trog's Hand


You were in the Dungeon.
You worshipped Trog.
Trog was most pleased with you.
You visited 1 branch You collected 729 gold pieces.

Inventory:

Hand Weapons
 a - a +0 mace (weapon)
Armour
 b - a +0 animal skin (worn)
Scrolls
 h - a scroll of blinking
Potions
 c - a potion of curing
 e - a potion of haste
 f - 2 potions of magic
 g - a potion of berserk rage


   Skills:
 + Level 11.3 Fighting
 + Level 11.6 Maces & Flails
 + Level 5.4 Armour
 + Level 4.4 Dodging
 + Level 0.6 Stealth


You had 6 spell levels left.
You didn't know any spells.
Your spell library was empty.

Dungeon Overview and Level Annotations

Branches:
Dungeon (1/1)

Altars:


Innate Abilities, Weirdness & Mutations

You are resistant to torment.
Your stone body is resilient. (AC +4)
You are immune to poison.
You resist negative energy. (rN+)
You are resistant to electric shocks. (rElec)
You can survive without breathing.
You are immune to petrification.
You are immune to miasma.


Message History

You are too injured to fight recklessly!
You are too injured to fight recklessly!
You are too injured to fight recklessly!
You are too injured to fight recklessly!
You are too injured to fight recklessly!
You are too injured to fight recklessly!
You are too injured to fight recklessly!
You are too injured to fight recklessly!
You are too injured to fight recklessly!
You are too injured to fight recklessly!
You are too injured to fight recklessly!
You are too injured to fight recklessly!
You are too injured to fight recklessly!
Unknown command.
You thump the boulder beetle!
The boulder beetle is heavily wounded.
You hit the boulder beetle but do no damage.
The boulder beetle is heavily wounded.
The boulder beetle bites you!!
You die...

##+## ##.#.##
#..#..# #
#...#### ##.
##÷###.#
#..B##.##..##
#B@<.†##.+
#...##.##..##
##. ##'###.#
# #...####
#..#).#
##...## ##+##


You could see 2 boulder beetles.

Vanquished Creatures
  A merfolk siren (D)
  4 necrophages (D)
  4 worker ants (D)
9 creatures vanquished.

Vanquished Creatures (others)
  Menkaure (D)
  A water moccasin (D)
2 creatures vanquished.

Grand Total: 11 creatures vanquished

Notes
Turn   | Place    | Note
-------+----------+-------------------------------------------
     0 | D        | mhtbhm the Gargoyle Berserker began the quest for the Orb.
     0 | D        | Reached XP level 1. HP: 14/14 MP: 1/1
     1 | D        | Noticed a boulder beetle
     1 | D        | Noticed a boulder beetle
     5 | D        | Noticed a necrophage
     5 | D        | Noticed a necrophage
     5 | D        | Noticed a necrophage
     5 | D        | Noticed a necrophage
     9 | D        | Killed a necrophage
    10 | D        | Reached XP level 2. HP: 23/23 MP: 2/2
    10 | D        | Reached XP level 3. HP: 28/28 MP: 3/3
    10 | D        | Reached XP level 4. HP: 32/32 MP: 4/4
    17 | D        | Killed a necrophage
    18 | D        | Reached XP level 5. HP: 39/39 MP: 5/5
    23 | D        | Killed a necrophage
    23 | D        | Reached ** piety under Trog
    24 | D        | Reached XP level 6. HP: 35/46 MP: 6/6
    31 | D        | Killed a necrophage
    62 | D        | Killed Menkaure
   165 | D        | Noticed a merfolk siren
   189 | D        | Killed a merfolk siren
   190 | D        | Reached skill level 5 in Armour
   190 | D        | Reached XP level 7. HP: 34/54 MP: 7/7
   313 | D        | Reached *** piety under Trog
   385 | D        | Slain by a boulder beetle

Illustrated notes

Levels and vault maps discovered:
D:        the_violet_keep_of_menkaure [sprint2_stairs_cluster_1,
          sprint2_shoproom, sprint2_temple, sprint2_basic_supplies,
          sprint2_obstacle_4, sprint2_obstacle_3, sprint2_obstacle_7,
          sprint2_obstacle_2, sprint2_obstacle_1, sprint2_timed_cluster_1,
          sprint2_smallroom_cluster_1, sprint2_smallroom_final_cluster_1,
          sprint2_transparent_cluster_1, sprint2_second_timed_cluster_1,
          sprint2_sniper_area_1, sprint2_heavy_combat_area_1,
          sprint2_mutation_trap_area_1, sprint2_forest_area_1,
          sprint2_light_combat_area_1, sprint2_behind_water_1,
          sprint2_near_end_vault_1]

Skill      XL: |  1  2  3  4  5  6 |
---------------+-------------------+-----
Fighting       | 6 8 9 11 | 11.3
Maces & Flails | 6 7 8 11 | 11.6
Armour         | 3 4 5 |  5.4
Dodging        | 2 3 4 |  4.4
Stealth        | |  0.6

Action                   |  1- 3 |  4- 6 |  7- 9 || total
-------------------------+-------+-------+-------++-------
Melee: Mace              |     3 |    43 |    29 ||    75
Invok: Berserk           |     1 |       |     1 ||     2
  Use: Potion            |       |     1 |       ||     1
Armor: Animal skin       |       |     1 |     3 ||     4
Dodge: Dodged            |       |    12 |     8 ||    20

Table legend: (Time is in decaauts)
 A = Elapsed time spent in this place.
 B = Non-inter-level travel time spent in this place.
 C = Inter-level travel time spent in this place.
 D = Time resting spent in this place.
 E = Time spent auto-exploring this place.
 F = Levels seen in this place.
 G = Mean time per level.
                   A        B        C        D        E       F      G
               +--------+--------+--------+--------+--------+-----+--------+
         Total |    380 |    380 |      0 |    269 |      0 |   1 |  380.0 |
       Dungeon |    380 |    380 |      0 |    269 |      0 |   1 |  380.0 |
               +--------+--------+--------+--------+--------+-----+--------+

Top non-repeatable levels by time:
       D: 380 daAuts
